[ AOE2 MATCH · #505075067 ]
UnrankedMuisca vs Portuguese
Player's team · WIN
Rival team · LOSS
[ REPLAY ANALYSIS · EXTRACTED FROM THE RECORDED GAME ]
Feudal
13:31
Castle
17:03
Imperial
38:31
| APM avg | 50.2 |
| APM peak | 87 |
| eAPM avg | 28.5 |
| Villagers / military | 167 / 94 |
Focus
⚔️ 40.7% · 🌾 59.3%
Unknown (2550) ×92 · Archer ×71 · Monk ×14 · Trebuchet (Packed) ×8 · Mangonel ×1 · Unknown (2586) ×1
Feudal
9:01
Castle
20:09
Imperial
39:04
| APM avg | 45.0 |
| APM peak | 91 |
| eAPM avg | 25.4 |
| Villagers / military | 121 / 99 |
Focus
⚔️ 41.8% · 🌾 58.2%
Skirmisher ×33 · Scout Cavalry ×26 · Knight ×22 · Organ Gun ×8 · Monk ×3 · Bombard Cannon ×3
Match map
Initial resources + every placement click. Lines = walls · curves = elevation contours. ◆ gold · ⬟ stone · ● berries · ✦ relic · ◌ wall gap
Your base· ✓ Closed at 17:03 · 37t walls · 1 gate(s)
巨大豚's base· ✓ Closed at 20:09 · 74t walls · 1 gate(s)
Smoothed initial terrain · ◌ = detected wall gap · hover for details
Inputs per minute
— Hoppsywins - - 巨大豚
Build order — Hoppsywins
First 150 of 481 actions detected
| 0:00 | Create | Villager (Male) |
| 0:00 | Create | Villager (Male) |
| 0:03 | Build | House |
| 0:04 | Build | House |
| 0:07 | Create | Villager (Male) |
| 0:11 | Create | Villager (Male) |
| 1:14 | Build | Palisade Wall |
| 1:31 | Create | Villager (Male) |
| 1:47 | Build | Settlement |
| 1:59 | Create | Villager (Male) |
| 2:15 | Create | Villager (Male) |
| 2:38 | Create | Villager (Male) |
| 3:02 | Create | Villager (Male) |
| 3:22 | Create | Villager (Male) |
| 3:38 | Create | Villager (Male) |
| 4:14 | Create | Villager (Male) |
| 4:37 | Build | Barracks |
| 4:43 | Create | Villager (Male) |
| 4:56 | Create | Villager (Male) |
| 5:04 | Build | House |
| 5:16 | Build | House |
| 5:20 | Create | Villager (Male) |
| 5:38 | Create | Unit 2550 |
| 5:38 | Create | Unit 2550 |
| 5:50 | Build | House |
| 5:53 | Create | Villager (Male) |
| 6:14 | Build | Settlement |
| 6:16 | Create | Villager (Male) |
| 6:41 | Create | Villager (Male) |
| 6:48 | Create | Villager (Male) |
| 6:55 | Create | Unit 2550 |
| 7:16 | Create | Villager (Male) |
| 7:24 | Create | Unit 2550 |
| 7:44 | Create | Villager (Male) |
| 7:59 | Create | Villager (Male) |
| 8:02 | Build | House |
| 8:05 | Build | Palisade Wall |
| 8:11 | Build | House |
| 8:22 | Create | Villager (Male) |
| 8:56 | Create | Villager (Male) |
| 9:01 | Build | Settlement |
| 9:16 | Build | Palisade Wall |
| 9:16 | Create | Villager (Male) |
| 9:45 | Create | Villager (Male) |
| 9:46 | Research | Loom |
| 10:16 | Build | Farm |
| 10:16 | Build | Farm |
| 10:49 | Build | House |
| 10:56 | Build | Palisade Wall |
| 11:11 | Build | Palisade Wall |
| 11:13 | Build | Palisade Wall |
| 11:14 | Build | Palisade Wall |
| 11:17 | Build | Palisade Wall |
| 11:21 | Research | Feudal Age |
| 11:51 | Build | Farm |
| 11:52 | Build | Farm |
| 12:09 | Create | Villager (Male) |
| 12:48 | Build | Farm |
| 12:49 | Build | Farm |
| 13:31 | Age | Feudal Age |
| 13:35 | Build | Blacksmith |
| 13:49 | Build | Archery Range |
| 13:53 | Create | Villager (Male) |
| 14:23 | Research | Castle Age |
| 14:23 | Research | Castle Age |
| 14:25 | Create | Archer |
| 14:30 | Research | Fletching |
| 14:52 | Build | Settlement |
| 14:57 | Create | Archer |
| 15:14 | Build | Farm |
| 15:21 | Research | Double-Bit Axe |
| 15:29 | Build | Farm |
| 15:30 | Create | Archer |
| 15:41 | Build | Palisade Gate |
| 15:48 | Create | Archer |
| 15:52 | Create | Villager (Male) |
| 16:03 | Build | Archery Range |
| 16:19 | Create | Archer |
| 16:46 | Create | Archer |
| 16:46 | Create | Archer |
| 17:03 | Age | Castle Age |
| 17:05 | Research | Crossbowman (upgrade) |
| 17:21 | Build | Town Center |
| 17:22 | Create | Villager (Male) |
| 17:31 | Build | Farm |
| 17:32 | Build | Farm |
| 17:36 | Create | Villager (Male) |
| 17:50 | Create | Archer |
| 17:50 | Create | Archer |
| 18:00 | Build | House |
| 18:08 | Create | Villager (Male) |
| 18:39 | Build | Farm |
| 18:41 | Build | Farm |
| 18:44 | Create | Villager (Male) |
| 19:05 | Create | Archer |
| 19:05 | Create | Archer |
| 19:14 | Research | Bodkin Arrow |
| 19:18 | Build | Farm |
| 19:19 | Build | Farm |
| 19:21 | Create | Villager (Male) |
| 19:39 | Create | Villager (Male) |
| 19:54 | Create | Archer |
| 19:54 | Create | Archer |
| 19:55 | Create | Villager (Male) |
| 19:58 | Build | Farm |
| 19:59 | Create | Villager (Male) |
| 20:02 | Build | Farm |
| 20:02 | Build | Farm |
| 20:05 | Create | Villager (Male) |
| 20:08 | Create | Archer |
| 20:09 | Create | Archer |
| 20:26 | Create | Villager (Male) |
| 20:28 | Create | Archer |
| 20:31 | Create | Villager (Male) |
| 20:45 | Create | Villager (Male) |
| 21:05 | Create | Villager (Male) |
| 21:08 | Create | Villager (Male) |
| 21:14 | Build | Monastery |
| 21:29 | Create | Villager (Male) |
| 21:31 | Create | Villager (Male) |
| 21:35 | Research | Bow Saw |
| 21:41 | Create | Archer |
| 21:41 | Create | Archer |
| 21:45 | Create | Villager (Male) |
| 21:55 | Create | Villager (Male) |
| 22:03 | Create | Villager (Male) |
| 22:16 | Create | Archer |
| 22:17 | Create | Archer |
| 22:23 | Build | House |
| 22:23 | Build | House |
| 22:24 | Build | House |
| 22:25 | Build | House |
| 22:40 | Create | Monk |
| 22:43 | Create | Villager (Male) |
| 22:46 | Build | Siege Workshop |
| 22:57 | Create | Villager (Male) |
| 23:10 | Create | Archer |
| 23:10 | Create | Archer |
| 23:11 | Create | Villager (Male) |
| 23:13 | Create | Villager (Male) |
| 23:15 | Research | Horse Collar |
| 23:35 | Create | Archer |
| 23:35 | Create | Archer |
| 23:52 | Create | Villager (Male) |
| 23:55 | Create | Villager (Male) |
| 23:57 | Create | Archer |
| 23:57 | Create | Archer |
| 23:59 | Create | Villager (Male) |
| 24:01 | Create | Monk |
| 24:22 | Create | Villager (Male) |
Build order — 巨大豚
First 150 of 397 actions detected
| 0:01 | Create | Villager (Male) |
| 0:02 | Build | House |
| 0:07 | Build | House |
| 0:09 | Create | Villager (Male) |
| 0:30 | Create | Villager (Male) |
| 0:51 | Create | Villager (Male) |
| 1:36 | Create | Villager (Male) |
| 1:54 | Create | Villager (Male) |
| 1:56 | Build | Lumber Camp |
| 2:14 | Create | Villager (Male) |
| 2:37 | Create | Villager (Male) |
| 3:10 | Create | Villager (Male) |
| 3:28 | Create | Villager (Male) |
| 3:36 | Build | Palisade Gate |
| 4:00 | Build | House |
| 4:04 | Create | Villager (Male) |
| 4:24 | Create | Villager (Male) |
| 4:37 | Build | Palisade Wall |
| 4:42 | Create | Villager (Male) |
| 4:59 | Create | Villager (Male) |
| 5:44 | Build | Mill |
| 5:46 | Create | Villager (Male) |
| 6:09 | Research | Loom |
| 6:51 | Research | Feudal Age |
| 6:51 | Research | Feudal Age |
| 7:22 | Build | Palisade Wall |
| 7:23 | Build | Palisade Wall |
| 7:25 | Build | Palisade Wall |
| 7:26 | Build | Palisade Wall |
| 7:43 | Build | Palisade Wall |
| 7:45 | Build | Palisade Wall |
| 7:48 | Build | House |
| 7:49 | Create | Villager (Male) |
| 7:56 | Build | House |
| 8:24 | Build | Barracks |
| 8:57 | Build | House |
| 8:59 | Build | House |
| 9:01 | Age | Feudal Age |
| 9:01 | Build | Palisade Wall |
| 9:16 | Build | Palisade Wall |
| 9:21 | Create | Spearman |
| 9:30 | Build | Stable |
| 9:34 | Build | House |
| 9:38 | Build | Palisade Wall |
| 9:39 | Build | Palisade Wall |
| 9:45 | Build | Palisade Wall |
| 9:53 | Create | Villager (Male) |
| 10:01 | Create | Scout Cavalry |
| 10:17 | Create | Villager (Male) |
| 10:21 | Build | Farm |
| 10:39 | Build | Farm |
| 10:43 | Build | Farm |
| 10:48 | Create | Villager (Male) |
| 10:50 | Build | Farm |
| 11:02 | Create | Scout Cavalry |
| 11:07 | Build | Farm |
| 11:20 | Build | Farm |
| 11:25 | Build | Palisade Wall |
| 11:35 | Create | Villager (Male) |
| 11:47 | Build | Farm |
| 11:59 | Create | Villager (Male) |
| 12:13 | Research | Double-Bit Axe |
| 12:25 | Create | Villager (Male) |
| 12:43 | Build | Farm |
| 12:47 | Create | Villager (Male) |
| 13:07 | Create | Villager (Male) |
| 13:23 | Build | Archery Range |
| 13:25 | Build | House |
| 13:32 | Create | Villager (Male) |
| 13:46 | Build | Palisade Wall |
| 14:00 | Create | Villager (Male) |
| 14:12 | Build | Mining Camp |
| 14:15 | Create | Archer |
| 14:29 | Build | Blacksmith |
| 14:33 | Create | Villager (Male) |
| 14:43 | Build | Farm |
| 14:46 | Create | Villager (Male) |
| 15:14 | Create | Villager (Male) |
| 15:24 | Build | House |
| 15:30 | Build | Palisade Wall |
| 15:50 | Create | Villager (Male) |
| 16:13 | Build | Farm |
| 16:16 | Build | Farm |
| 16:22 | Create | Villager (Male) |
| 16:25 | Build | Farm |
| 16:26 | Build | Farm |
| 16:36 | Build | Farm |
| 16:37 | Build | Farm |
| 16:38 | Create | Villager (Male) |
| 16:48 | Build | Farm |
| 17:13 | Build | Farm |
| 17:19 | Build | Watch Tower |
| 17:23 | Build | Palisade Wall |
| 17:29 | Research | Castle Age |
| 17:36 | Create | Skirmisher |
| 17:44 | Build | House |
| 17:48 | Build | House |
| 17:50 | Build | Palisade Wall |
| 17:54 | Create | Skirmisher |
| 18:28 | Research | Fletching |
| 18:30 | Create | Skirmisher |
| 18:58 | Create | Skirmisher |
| 19:06 | Create | Skirmisher |
| 19:09 | Research | Padded Archer Armor |
| 19:09 | Research | Padded Archer Armor |
| 19:11 | Create | Villager (Male) |
| 19:19 | Create | Skirmisher |
| 19:34 | Build | Palisade Wall |
| 19:37 | Create | Skirmisher |
| 19:44 | Create | Villager (Male) |
| 20:09 | Age | Castle Age |
| 20:11 | Research | Bodkin Arrow |
| 20:13 | Research | Elite Skirmisher (upgrade) |
| 20:35 | Create | Villager (Male) |
| 20:41 | Build | Monastery |
| 20:50 | Create | Knight |
| 20:57 | Create | Villager (Male) |
| 21:15 | Build | Mining Camp |
| 21:20 | Build | Lumber Camp |
| 21:30 | Create | Monk |
| 21:38 | Create | Villager (Male) |
| 21:43 | Create | Monk |
| 21:56 | Create | Knight |
| 21:57 | Create | Villager (Male) |
| 22:07 | Create | Skirmisher |
| 22:18 | Create | Skirmisher |
| 22:29 | Build | University |
| 22:35 | Research | Leather Archer Armor |
| 22:50 | Create | Skirmisher |
| 23:35 | Research | Ballistics |
| 23:35 | Research | Ballistics |
| 23:44 | Create | Skirmisher |
| 23:44 | Create | Skirmisher |
| 23:50 | Create | Villager (Male) |
| 23:51 | Create | Skirmisher |
| 24:17 | Create | Villager (Male) |
| 24:27 | Create | Skirmisher |
| 24:27 | Create | Skirmisher |
| 24:32 | Create | Villager (Male) |
| 24:58 | Create | Knight |
| 25:05 | Create | Skirmisher |
| 25:29 | Create | Villager (Male) |
| 25:34 | Create | Knight |
| 25:42 | Build | Town Center |
| 25:48 | Create | Villager (Male) |
| 26:11 | Research | Bow Saw |
| 26:35 | Create | Villager (Male) |
| 26:37 | Create | Villager (Male) |
| 26:49 | Create | Villager (Male) |
| 26:58 | Build | Market |
Match timeline
| 1:14 | Hoppsywins · wall_segment Palisade Wall x1 |
| 4:37 | Hoppsywins · first_building Barracks |
| 4:37 | 巨大豚 · wall_segment Palisade Wall x7 |
| 7:22 | 巨大豚 · wall_segment Palisade Wall x1 |
| 7:23 | 巨大豚 · wall_segment Palisade Wall x1 |
| 7:25 | 巨大豚 · wall_segment Palisade Wall x7 |
| 7:26 | 巨大豚 · wall_segment Palisade Wall x1 |
| 7:43 | 巨大豚 · wall_segment Palisade Wall x1 |
| 7:45 | 巨大豚 · wall_segment Palisade Wall x1 |
| 8:05 | Hoppsywins · wall_segment Palisade Wall x4 |
| 8:24 | 巨大豚 · first_building Barracks |
| 9:01 | 巨大豚 · age_up feudal |
| 9:01 | 巨大豚 · wall_segment Palisade Wall x1 |
| 9:16 | 巨大豚 · wall_segment Palisade Wall x1 |
| 9:16 | Hoppsywins · wall_segment Palisade Wall x6 |
| 9:30 | 巨大豚 · first_building Stable |
| 9:38 | 巨大豚 · wall_segment Palisade Wall x1 |
| 9:39 | 巨大豚 · wall_segment Palisade Wall x1 |
| 9:45 | 巨大豚 · wall_segment Palisade Wall x1 |
| 10:56 | Hoppsywins · wall_segment Palisade Wall x10 |
| 11:11 | Hoppsywins · wall_segment Palisade Wall x9 |
| 11:13 | Hoppsywins · wall_segment Palisade Wall x5 |
| 11:14 | Hoppsywins · wall_segment Palisade Wall x1 |
| 11:17 | Hoppsywins · wall_segment Palisade Wall x1 |
| 11:25 | 巨大豚 · wall_segment Palisade Wall x7 |
| 13:23 | 巨大豚 · first_building Archery Range |
| 13:31 | Hoppsywins · age_up feudal |
| 13:46 | 巨大豚 · wall_segment Palisade Wall x15 |
| 13:49 | Hoppsywins · first_building Archery Range |
| 15:30 | 巨大豚 · wall_segment Palisade Wall x4 |
| 17:03 | Hoppsywins · age_up castle |
| 17:23 | 巨大豚 · wall_segment Palisade Wall x6 |
| 17:50 | 巨大豚 · wall_segment Palisade Wall x9 |
| 19:34 | 巨大豚 · wall_segment Palisade Wall x9 |
| 20:09 | 巨大豚 · age_up castle |
| 20:41 | 巨大豚 · first_building Monastery |
| 21:14 | Hoppsywins · first_building Monastery |
| 22:46 | Hoppsywins · first_building Siege Workshop |
| 30:39 | Hoppsywins · wall_segment Palisade Wall x2 |
| 30:40 | Hoppsywins · wall_segment Palisade Wall x1 |
| 31:47 | 巨大豚 · first_building Castle |
| 32:32 | 巨大豚 · wall_segment Stone Wall x11 |
| 33:27 | 巨大豚 · wall_segment Stone Wall x17 |
| 33:57 | 巨大豚 · first_market_buy 100 food |
| 34:59 | Hoppsywins · first_building Castle |
| 38:31 | Hoppsywins · age_up imperial |
| 39:04 | 巨大豚 · age_up imperial |
| 40:06 | 巨大豚 · first_building Siege Workshop |
| 41:35 | Hoppsywins · first_market_sell 500 wood |
| 44:04 | Hoppsywins · first_market_buy 100 stone |
| 45:22 | 巨大豚 · first_market_sell 500 wood |
| 47:24 | 巨大豚 · resign |
[ AI ANALYSIS · 1 CREDIT ]
What really happened in this match?
Wolo.gg analyzes every decision: build order, eco, micro, common mistakes by bracket. Personalized analysis on WhatsApp or Discord in 30 seconds.
Civ guide
Muisca
Perfil
Jugador #456135